DSL
DSL JACKSONVILLE BOMBERS @ DSL ARIZONA DIAMONDBACKS
06/16/2041
 
TOP OF THE 1ST
DSL Jacksonville Bombers batting - Pitching for DSL Arizona Diamondbacks : LHP Gene Pearson
Pitching: LHP Gene Pearson
Batting: LHB Freddy Abreu 0-0: Called Strike
0-1: Called Strike
0-2: Strikes out swinging
Batting: SHB José Murillo 0-0: Ball
1-0: Ball
2-0: Ball
3-0: Base on Balls
Batting: RHB Merlin Lucas 0-0: Ball
José Murillo is caught stealing 2nd base 2-4
1-0: Ball
2-0: Ball
3-0: Called Strike
3-1: Foul Ball, location: 9LSF
3-2: Foul Ball, location: 5F
3-2: Foul Ball, location: 2F
3-2: Fly out, F7 (Flyball, 7D, EV 78.8 MPH)
Top of the 1st over - 0 runs, 0 hits, 0 errors, 0 left on base; DSL Jacksonville 0 - DSL Arizona 0
BOTTOM OF THE 1ST
DSL Arizona Diamondbacks batting - Pitching for DSL Jacksonville Bombers : LHP António González
Pitching: LHP António González
Batting: RHB Jesús Durán 0-0: Foul Ball, location: 9LMF
0-1: Ball
1-1: Ball
2-1: Foul Ball, location: 5F
2-2: Foul Ball, location: 25F
2-2: Ball
3-2: Foul Ball, location: 9LMF
3-2: Base on Balls
Batting: RHB Pancho Estrada 0-0: Ball
1-0: Called Strike
1-1: Swinging Strike
1-2: Ball
2-2: Ball
3-2: Base on Balls
Jesús Durán to second
Batting: RHB Xavier Gómez 0-0: Swinging Strike
0-1: Foul Ball, location: 9LMF
0-2: Ball
1-2: Ball
2-2: Ball
3-2: Foul Ball, location: 9LDF
3-2: 3-RUN HOME RUN (Flyball, 7LD, EV 101.9 MPH), Distance : 392 ft
Pitching: RHP Juan Martínez
Batting: RHB Jim Hamilton 0-0: Called Strike
0-1: Foul Ball, location: 9LDF
0-2: Ground out 6-3 (Groundball, 6, EV 103.8 MPH)
Batting: RHB Qabil Makaev 0-0: Foul Ball, location: 9LDF
0-1: Called Strike
0-2: Foul Ball, location: 7LDF
0-2: Fly out, F7 (Flyball, 78M, EV 88.8 MPH)
Batting: LHB Ed House 0-0: Called Strike
0-1: Ball
1-1: Ball
2-1: Swinging Strike
2-2: Strikes out swinging
Bottom of the 1st over - 3 runs, 1 hit, 0 errors, 0 left on base; DSL Jacksonville 0 - DSL Arizona 3
TOP OF THE 2ND
DSL Jacksonville Bombers batting - Pitching for DSL Arizona Diamondbacks : LHP Gene Pearson
Batting: RHB José Alfaro 0-0: Swinging Strike
0-1: Ball
1-1: Ball
2-1: Ball
3-1: Foul Ball, location: 23F
3-2: Base on Balls
Batting: RHB José Valentín 0-0: Swinging Strike
0-1: Ball
1-1: Swinging Strike
1-2: Strikes out swinging
Pitching: RHP Jeff Howse
Batting: SHB Constantin Odilo 0-0: Ball
1-0: Fly out, F4 (Popup, 4D, EV 59.4 MPH)
Batting: RHB Jesús Valenzuela 0-0: Called Strike
0-1: Swinging Strike
0-2: Foul Ball, location: 5SF
0-2: Ball
1-2: Ball
2-2: Strikes out swinging
Top of the 2nd over - 0 runs, 0 hits, 0 errors, 1 left on base; DSL Jacksonville 0 - DSL Arizona 3
BOTTOM OF THE 2ND
DSL Arizona Diamondbacks batting - Pitching for DSL Jacksonville Bombers : RHP Juan Martínez
Batting: RHB Jesús Maldonado 0-0: Called Strike
0-1: Ball
1-1: Foul Ball, location: 2F
1-2: Ball
2-2: Hit by Pitch
Batting: RHB Sean Mitchell 0-0: Bunted foul
0-1: Ball
Passed Ball!
Jesús Maldonado to second
1-1: Sac Bunt to P - play at first, batter OUT! 1-4
Jesús Maldonado to third
Batting: LHB David Warmisch 0-0: Ball
1-0: Ball
2-0: Called Strike
2-1: Ball
3-1: Base on Balls
Batting: RHB Jesús Durán 0-0: Called Strike
David Warmisch steals 2nd base
0-1: Called Strike
0-2: Ball
1-2: Strikes out swinging
Batting: RHB Pancho Estrada 0-0: Called Strike
0-1: Foul Ball, location: 3FF
0-2: Foul Ball, location: 9LMF
0-2: Ball
1-2: Ball
2-2: Ball
3-2: DOUBLE (Groundball, 5L, EV 95.0 MPH)
Jesús Maldonado scores
David Warmisch scores
Batting: RHB Xavier Gómez 0-0: Ball
1-0: Foul Ball, location: 2F
1-1: Foul Ball, location: 5F
1-2: Ball
2-2: Ball
3-2: 2-RUN HOME RUN (Line Drive, 7D, EV 108.1 MPH) (Inside the Park)
Batting: RHB Jim Hamilton 0-0: Ball
1-0: Called Strike
1-1: Ball
2-1: Ball
3-1: Base on Balls
Batting: RHB Qabil Makaev 0-0: Called Strike
0-1: Ball
1-1: Called Strike
1-2: Strikes out swinging
Bottom of the 2nd over - 4 runs, 2 hits, 0 errors, 1 left on base; DSL Jacksonville 0 - DSL Arizona 7
TOP OF THE 3RD
DSL Jacksonville Bombers batting - Pitching for DSL Arizona Diamondbacks : RHP Jeff Howse
Batting: SHB Tomás Rosário 0-0: Called Strike
0-1: Swinging Strike
0-2: Foul Ball, location: 9LDF
0-2: Ball
1-2: Ball
2-2: Ball
3-2: Foul Ball, location: 7LDF
3-2: Base on Balls
Batting: RHB Norberto Morales 0-0: Foul Ball, location: 9LSF
0-1: Called Strike
0-2: Ball
1-2: Strikes out swinging
Batting: LHB Freddy Abreu 0-0: Ball
1-0: Ground out 4-3 (Groundball, 34D, EV 107.5 MPH)
Tomás Rosário to second
Batting: SHB José Murillo 0-0: Foul Ball, location: 2F
0-1: Ball
1-1: Ball
2-1: Swinging Strike
2-2: Strikes out swinging
Top of the 3rd over - 0 runs, 0 hits, 0 errors, 1 left on base; DSL Jacksonville 0 - DSL Arizona 7
BOTTOM OF THE 3RD
DSL Arizona Diamondbacks batting - Pitching for DSL Jacksonville Bombers : RHP Juan Martínez
Batting: LHB Ed House 0-0: Ball
1-0: Ball
2-0: Ball
3-0: Base on Balls
Batting: RHB Jesús Maldonado 0-0: Ball
1-0: Ball
2-0: Ball
3-0: Called Strike
3-1: Base on Balls
Ed House to second
Batting: RHB Sean Mitchell 0-0: Ball
1-0: Swinging Strike
1-1: Ball
2-1: Ball
3-1: Swinging Strike
3-2: Base on Balls
Ed House to third
Jesús Maldonado to second
Batting: LHB David Warmisch 0-0: Called Strike
0-1: Ball
1-1: Ball
2-1: Foul Ball, location: 9LMF
2-2: Ball
3-2: Strikes out swinging
Batting: RHB Jesús Durán 0-0: Ball
1-0: Ball
2-0: Ground out U3 (Groundball, 34S, EV 75.6 MPH)
Ed House scores
Jesús Maldonado to third
Sean Mitchell to second
Batting: RHB Pancho Estrada 0-0: Called Strike
0-1: Ball
1-1: Foul Ball, location: 25FF
1-2: DOUBLE (Flyball, 8LXD, EV 100.0 MPH)
Jesús Maldonado scores
Sean Mitchell scores
Pitching: RHP Robinson Moreno
Batting: RHB Xavier Gómez 0-0: Swinging Strike
0-1: Ball
1-1: Swinging Strike
1-2: Strikes out swinging
Bottom of the 3rd over - 3 runs, 1 hit, 0 errors, 1 left on base; DSL Jacksonville 0 - DSL Arizona 10
TOP OF THE 4TH
DSL Jacksonville Bombers batting - Pitching for DSL Arizona Diamondbacks : RHP Jeff Howse
Batting: RHB Merlin Lucas 0-0: Ground out 4-3 (Groundball, 4, EV 83.1 MPH)
Batting: RHB José Alfaro 0-0: Called Strike
0-1: Fly out, F3 (Line Drive, 34, EV 67.5 MPH)
Batting: RHB José Valentín 0-0: Foul Ball, location: 9LMF
0-1: Ground out 5-3 (Groundball, 56, EV 91.9 MPH)
Top of the 4th over - 0 runs, 0 hits, 0 errors, 0 left on base; DSL Jacksonville 0 - DSL Arizona 10
BOTTOM OF THE 4TH
DSL Arizona Diamondbacks batting - Pitching for DSL Jacksonville Bombers : RHP Robinson Moreno
Batting: RHB Jim Hamilton 0-0: Foul Ball, location: 25FF
0-1: Called Strike
0-2: Ball
1-2: Ball
2-2: DOUBLE (Line Drive, 89XD, EV 104.4 MPH)
Batting: RHB Qabil Makaev 0-0: Ball
1-0: Foul Ball, location: 2F
1-1: 2-RUN HOME RUN (Flyball, 7D, EV 102.5 MPH), Distance : 396 ft
Batting: LHB Ed House 0-0: Ball
1-0: Ball
2-0: Ball
3-0: Base on Balls
Batting: RHB Jesús Maldonado 0-0: Foul Ball, location: 23F
0-1: Called Strike
0-2: Ball
1-2: Fly out, F8 (Line Drive, 8RM, EV 106.3 MPH)
Batting: RHB Sean Mitchell 0-0: Ball
1-0: Foul Ball, location: 2F
1-1: Foul Ball, location: 2F
1-2: Ball
2-2: Strikes out swinging
Batting: LHB David Warmisch 0-0: Called Strike
0-1: Ground out 6-3 (Groundball, 56, EV 102.5 MPH)
Bottom of the 4th over - 2 runs, 2 hits, 0 errors, 1 left on base; DSL Jacksonville 0 - DSL Arizona 12
TOP OF THE 5TH
DSL Jacksonville Bombers batting - Pitching for DSL Arizona Diamondbacks : RHP Jeff Howse
Batting: SHB Constantin Odilo 0-0: Ball
1-0: Foul Ball, location: 2F
1-1: Ball
2-1: Ball
3-1: Foul Ball, location: 2F
3-2: Base on Balls
Batting: RHB Jesús Valenzuela 0-0: Swinging Strike
0-1: Grounds into double play, 5-4-3 (Groundball, 56, EV 90.0 MPH)
Batting: SHB Tomás Rosário 0-0: Called Strike
0-1: Called Strike
0-2: Ball
1-2: Strikes out swinging
Top of the 5th over - 0 runs, 0 hits, 0 errors, 0 left on base; DSL Jacksonville 0 - DSL Arizona 12
BOTTOM OF THE 5TH
DSL Arizona Diamondbacks batting - Pitching for DSL Jacksonville Bombers : RHP Robinson Moreno
Batting: RHB Jesús Durán 0-0: Foul Ball, location: 2F
0-1: Ball
1-1: Fly out, F8 (Flyball, 8LD, EV 101.3 MPH)
Batting: RHB Pancho Estrada 0-0: Fly out, F7 (Flyball, 7S, EV 82.5 MPH)
Batting: RHB Xavier Gómez 0-0: Ball
1-0: Ball
2-0: Ball
3-0: Base on Balls
Batting: RHB Jim Hamilton 0-0: Ball
1-0: 2-RUN HOME RUN (Flyball, 7LD, EV 99.4 MPH), Distance : 369 ft
Batting: RHB Qabil Makaev 0-0: Ball
1-0: Foul Ball, location: 9LMF
1-1: Ball
2-1: Foul Ball, location: 2F
2-2: Strikes out swinging
Bottom of the 5th over - 2 runs, 1 hit, 0 errors, 0 left on base; DSL Jacksonville 0 - DSL Arizona 14
TOP OF THE 6TH
DSL Jacksonville Bombers batting - Pitching for DSL Arizona Diamondbacks : RHP Jeff Howse
Batting: RHB Norberto Morales 0-0: Ground out 5-3 (Groundball, 56, EV 87.5 MPH)
Batting: LHB Freddy Abreu 0-0: Called Strike
0-1: Fly out, F3 (Line Drive, 3, EV 66.9 MPH)
Batting: SHB José Murillo 0-0: Ball
1-0: Swinging Strike
1-1: Ball
2-1: Ball
3-1: Base on Balls
Batting: RHB Merlin Lucas 0-0: Ball
José Murillo steals 2nd base
1-0: 2-RUN HOME RUN (Flyball, 78XD, EV 110.0 MPH), Distance : 425 ft
Batting: RHB José Alfaro 0-0: Ball
1-0: Called Strike
1-1: Called Strike
1-2: Ball
2-2: Ball
3-2: Base on Balls
Batting: RHB José Valentín 0-0: Foul Ball, location: 7LSFF
0-1: DOUBLE (Line Drive, 7LD, EV 105.0 MPH)
José Alfaro to third
Batting: SHB Constantin Odilo 0-0: Ball
1-0: Foul Ball, location: 2RF
1-1: Ball
2-1: Ball
3-1: Base on Balls
Batting: RHB Jesús Valenzuela 0-0: Ball
1-0: Foul Ball, location: 23FF
1-1: Fielders Choice at 2nd, U6 (Groundball, 6M, EV 85.0 MPH)
Top of the 6th over - 2 runs, 2 hits, 0 errors, 3 left on base; DSL Jacksonville 2 - DSL Arizona 14
BOTTOM OF THE 6TH
DSL Arizona Diamondbacks batting - Pitching for DSL Jacksonville Bombers : RHP Robinson Moreno
Batting: LHB Ed House 0-0: Called Strike
0-1: Ball
1-1: Ball
2-1: Foul Ball, location: 2F
2-2: DOUBLE (Line Drive, 7LD, EV 102.5 MPH)
Batting: RHB Jesús Maldonado 0-0: Ball
1-0: Ball
2-0: Called Strike
2-1: Ball
3-1: Base on Balls
Batting: RHB Sean Mitchell 0-0: Called Strike
0-1: Foul Ball, location: 9LDF
0-2: Ball
1-2: Foul Ball, location: 5F
1-2: Foul Ball, location: 7LSFF
1-2: SINGLE (Groundball, 6MD, EV 106.3 MPH)
Ed House to third
Jesús Maldonado to second
Batting: LHB David Warmisch 0-0: Foul Ball, location: 2RF
0-1: Called Strike
0-2: Ball
1-2: Strikes out swinging
Batting: RHB Jesús Durán 0-0: Called Strike
0-1: Called Strike
0-2: GRAND SLAM HOME RUN (Flyball, 8RXD, EV 113.8 MPH), Distance : 465 ft
Pitching: RHP Ernesto Gonzáles
Batting: RHB Pancho Estrada 0-0: Ball
1-0: Ball
2-0: Called Strike
2-1: Foul Ball, location: 2F
2-2: Ball
3-2: Base on Balls
Batting: RHB Xavier Gómez 0-0: Ball
1-0: Swinging Strike
1-1: Ball
2-1: Foul Ball, location: 2F
2-2: Ball
3-2: Strikes out swinging
Batting: RHB Jim Hamilton 0-0: Ball
1-0: Foul Ball, location: 23F
1-1: Ball
2-1: Ball
3-1: Base on Balls
Pancho Estrada to second
Batting: RHB Qabil Makaev 0-0: DOUBLE (Flyball, 78D, EV 97.5 MPH)
Pancho Estrada scores
Jim Hamilton to third
Batting: LHB Ed House 0-0: Ball
1-0: Foul Ball, location: 5SF
1-1: Ball
2-1: Ball
3-1: Foul Ball, location: 3SF
3-2: Foul Ball, location: 3DF
3-2: Foul Ball, location: 2F
3-2: Foul Ball, location: 3SF
3-2: Foul Ball, location: 9LDF
3-2: Base on Balls
Batting: RHB Jesús Maldonado 0-0: Foul Ball, location: 3SF
0-1: Fly out, F4 (Popup, 4M, EV 60.6 MPH)
Bottom of the 6th over - 5 runs, 4 hits, 0 errors, 3 left on base; DSL Jacksonville 2 - DSL Arizona 19
TOP OF THE 7TH
DSL Jacksonville Bombers batting - Pitching for DSL Arizona Diamondbacks : RHP Jeff Howse
Batting: SHB Tomás Rosário 0-0: Foul Ball, location: 2F
0-1: Ball
1-1: Ball
2-1: Ball
3-1: Foul Ball, location: 2F
3-2: Foul Ball, location: 3F
3-2: Base on Balls
Batting: RHB Norberto Morales 0-0: Called Strike
0-1: Grounds into double play, 6-4-3 (Groundball, 6, EV 105.0 MPH)
Batting: LHB Freddy Abreu 0-0: Ball
1-0: Called Strike
1-1: Called Strike
1-2: Foul Ball, location: 23F
1-2: DOUBLE (Line Drive, 5D, EV 98.1 MPH)
Batting: SHB José Murillo 0-0: Ball
1-0: Called Strike
1-1: Called Strike
1-2: Strikes out swinging
Top of the 7th over - 0 runs, 1 hit, 0 errors, 1 left on base; DSL Jacksonville 2 - DSL Arizona 19
BOTTOM OF THE 7TH
DSL Arizona Diamondbacks batting - Pitching for DSL Jacksonville Bombers : RHP Ernesto Gonzáles
Pinch Hitting: SHB Josh Hoover 0-0: Called Strike
0-1: DOUBLE (Line Drive, 7LS, EV 100.0 MPH)
Batting: LHB David Warmisch 0-0: Called Strike
0-1: Foul Ball, location: 5F
0-2: Strikes out swinging
Batting: RHB Jesús Durán 0-0: Ball
1-0: Ball
2-0: Foul Ball, location: 5F
2-1: Ball
3-1: Fly out, F4 (Popup, 3S, EV 80.0 MPH)
Pinch Hitting: RHB Jeff Loughens 0-0: SINGLE (Groundball, 4MD, EV 100.6 MPH)
Josh Hoover to third
Throwing error, E8
Josh Hoover scores
Jeff Loughens to second
Pinch Hitting: RHB José Ramos 0-0: Called Strike
0-1: Ball
1-1: Ball
2-1: Ball
3-1: Base on Balls
Pinch Hitting: RHB Mauro Hernández 0-0: Swinging Strike
0-1: Called Strike
0-2: Ball
1-2: Ball
2-2: Foul Ball, location: 2F
2-2: Ball
3-2: Foul Ball, location: 7LSF
3-2: Base on Balls
Jeff Loughens to third
José Ramos to second
Pinch Hitting: RHB Mario Martínez 0-0: Ball
1-0: Called Strike
1-1: Fly out, F8 (Flyball, 8LXD, EV 96.9 MPH)
Bottom of the 7th over - 1 run, 2 hits, 1 error, 3 left on base; DSL Jacksonville 2 - DSL Arizona 20
TOP OF THE 8TH
DSL Jacksonville Bombers batting - Pitching for DSL Arizona Diamondbacks : RHP Jeff Howse
Now at 1B: José Ramos
Now at 2B: Mario Martínez
Now at 3B: Jesús Maldonado
Now at SS: Mauro Hernández
Now in LF: Jeff Loughens
Now in RF: Josh Hoover
Batting: RHB Merlin Lucas 0-0: Called Strike
0-1: Swinging Strike
0-2: Ball
1-2: Ball
2-2: Ball
3-2: Foul Ball, location: 9LMF
3-2: Foul Ball, location: 9LSF
3-2: Ground out 6-3 (Groundball, 6, EV 93.1 MPH)
Pitching: RHP Tim Bernard
Batting: RHB José Alfaro 0-0: Called Strike
0-1: Swinging Strike
0-2: Foul Ball, location: 9LDF
0-2: Strikes out looking
Pinch Hitting: LHB Norberto Ochoa 0-0: Foul Ball, location: 3F
0-1: Called Strike
0-2: Ball
1-2: Ball
2-2: Foul Ball, location: 9LDF
2-2: Strikes out swinging
Top of the 8th over - 0 runs, 0 hits, 0 errors, 0 left on base; DSL Jacksonville 2 - DSL Arizona 20
BOTTOM OF THE 8TH
DSL Arizona Diamondbacks batting - Pitching for DSL Jacksonville Bombers : RHP Ernesto Gonzáles
Now at 2B: José González
Batting: LHB Ed House 0-0: Ball
1-0: Ball
2-0: Ball
3-0: Called Strike
3-1: Base on Balls
Pitching: LHP Juan Álvarez
Pinch Hitting: RHB José Rivera 0-0: Ball
1-0: Ball
2-0: Called Strike
2-1: Ball
3-1: Base on Balls
Ed House to second
Pinch Hitting: RHB Chris Hull 0-0: Fly out, F7 (Flyball, 7, EV 93.8 MPH)
Batting: RHB Karl Dunn 0-0: Ball
1-0: Swinging Strike
1-1: Ball
2-1: Foul Ball, location: 9LDF
2-2: Ball
3-2: Fly out, F7 (Flyball, 7LSF, EV 93.8 MPH)
Pinch Hitting: LHB Chris Long 0-0: Called Strike
0-1: Foul Ball, location: 7LSF
0-2: Foul Ball, location: 3F
0-2: Strikes out swinging
Bottom of the 8th over - 0 runs, 0 hits, 0 errors, 2 left on base; DSL Jacksonville 2 - DSL Arizona 20
TOP OF THE 9TH
DSL Jacksonville Bombers batting - Pitching for DSL Arizona Diamondbacks : RHP Tim Bernard
Now at 3B: José Rivera
Now in LF: Chris Long
Now in CF: Jeff Loughens
Now in RF: Chris Hull
Batting: SHB Constantin Odilo 0-0: Ball
1-0: Called Strike
1-1: Ball
2-1: Swinging Strike
2-2: Foul Ball, location: 3FF
2-2: Foul Ball, location: 2F
2-2: Foul Ball, location: 25F
2-2: Strikes out swinging
Pinch Hitting: LHB Mario Medina 0-0: Ball
1-0: Ball
2-0: Ball
3-0: Called Strike
3-1: Swinging Strike
3-2: Strikes out swinging
Batting: SHB Tomás Rosário 0-0: Fly out, F8 (Flyball, 8RD, EV 111.3 MPH)
Top of the 9th over - 0 runs, 0 hits, 0 errors, 0 left on base; DSL Jacksonville 2 - DSL Arizona 20
Wednesday, April 3rd , 2024 - OOTP Baseball 24.10 Build 82